TOP OF THE 1ST |
Key West Barracudas batting - Pitching for Wichita Wranglers : RHP Juan Vázquez
|
Pitching: RHP Juan Vázquez
|
|
Batting: SHB Rodney Birling
|
0-0: Ball 1-0: Ball 2-0: Called Strike 2-1: Swinging Strike 2-2: SINGLE (Groundball, 34D)
|
Batting: RHB Carlos Bravo
|
0-0: DOUBLE (Flyball, 8RM) Rodney Birling to third
|
Batting: RHB Anastasio Villa
|
0-0: Ball 1-0: Ball 2-0: Ball 3-0: Called Strike 3-1: Foul Ball, location: 2F 3-2: Foul Ball, location: 2F 3-2: Base on Balls
|
Batting: LHB Domingo Ledesma
|
0-0: Called Strike 0-1: Fly out, F4 (Line Drive, 34)
|
Batting: LHB Daniel Byrd
|
0-0: Grounds into fielders choice 1-2 (Groundball, 13) Carlos Bravo to third Anastasio Villa to second
|
Batting: LHB Víctor Acevedo
|
0-0: Called Strike 0-1: Fly out, F7 (Flyball, 7D)
|
Top of the 1st over - 0 run(s), 2 hit(s), 0 error(s), 3 left on base; Key West 0 - Wichita 0 |
BOTTOM OF THE 1ST |
Wichita Wranglers batting - Pitching for Key West Barracudas : RHP Lawrence Fish
|
Pitching: RHP Lawrence Fish
|
|
Batting: RHB Desi Thompson
|
0-0: Ball 1-0: Fly out, F7 (Flyball, 7S)
|
Batting: LHB José Hernández
|
0-0: Ground out U3 (Groundball, 3S)
|
Batting: RHB Miguel Monteagudo
|
0-0: Ball 1-0: Called Strike 1-1: Reached on error, E6 (Groundball, 6)
|
Batting: SHB Javier Peña
|
0-0: Ball 1-0: Swinging Strike 1-1: Called Strike 1-2: Strikes out looking
|
Bottom of the 1st over - 0 run(s), 0 hit(s), 1 error(s), 1 left on base; Key West 0 - Wichita 0 |
TOP OF THE 2ND |
Key West Barracudas batting - Pitching for Wichita Wranglers : RHP Juan Vázquez
|
Batting: RHB Carlos Miranda
|
0-0: Swinging Strike 0-1: Foul Ball, location: 2F 0-2: Strikes out swinging
|
Batting: RHB Dan Craft
|
0-0: Fly out, F8 (Flyball, 8LM)
|
Batting: LHB Motoki Hirata
|
0-0: Called Strike 0-1: Swinging Strike 0-2: Foul Ball, location: 2F 0-2: Ball 1-2: Ground out 6-3 (Groundball, 6)
|
Top of the 2nd over - 0 run(s), 0 hit(s), 0 error(s), 0 left on base; Key West 0 - Wichita 0 |
BOTTOM OF THE 2ND |
Wichita Wranglers batting - Pitching for Key West Barracudas : RHP Lawrence Fish
|
Batting: LHB Alfredo Sánchez
|
0-0: Called Strike 0-1: Ball 1-1: Foul Ball, location: 2F 1-2: Ball 2-2: Ball 3-2: Base on Balls
|
Batting: SHB Giancarlo Giannini
|
0-0: Ball 1-0: Called Strike 1-1: Ball 2-1: Ball 3-1: Foul Ball, location: 2F 3-2: Foul Ball, location: 2F 3-2: Strikes out swinging
|
Batting: RHB Dave Henderson
|
0-0: Called Strike 0-1: Fly out, F4 (Popup, 34)
|
Batting: LHB Aurelio Torrez
|
0-0: Called Strike 0-1: Foul Ball, location: 2F 0-2: Ball 1-2: Ball 2-2: Fly out, F9 (Flyball, 89D)
|
Bottom of the 2nd over - 0 run(s), 0 hit(s), 0 error(s), 1 left on base; Key West 0 - Wichita 0 |
TOP OF THE 3RD |
Key West Barracudas batting - Pitching for Wichita Wranglers : RHP Juan Vázquez
|
Batting: SHB Rodney Birling
|
0-0: Fly out, F3 (Popup, 3SF)
|
Batting: RHB Carlos Bravo
|
0-0: Called Strike 0-1: Ground out 6-3 (Groundball, 6)
|
Batting: RHB Anastasio Villa
|
0-0: Called Strike 0-1: Called Strike 0-2: Foul Ball, location: 2F 0-2: Ball 1-2: Strikes out looking
|
Top of the 3rd over - 0 run(s), 0 hit(s), 0 error(s), 0 left on base; Key West 0 - Wichita 0 |
BOTTOM OF THE 3RD |
Wichita Wranglers batting - Pitching for Key West Barracudas : RHP Lawrence Fish
|
Batting: RHB James Stevens
|
0-0: Ball 1-0: Ball 2-0: Ball 3-0: Base on Balls
|
Batting: RHB Desi Thompson
|
0-0: Swinging Strike 0-1: Ball 1-1: Fly out, F9 (Flyball, 9LS)
|
Batting: LHB José Hernández
|
0-0: Swinging Strike 0-1: Ball 1-1: Called Strike 1-2: Fly out, F8 (Line Drive, 8LS)
|
Batting: RHB Miguel Monteagudo
|
0-0: Ball 1-0: Foul Ball, location: 2F 1-1: Called Strike 1-2: Strikes out swinging
|
Bottom of the 3rd over - 0 run(s), 0 hit(s), 0 error(s), 1 left on base; Key West 0 - Wichita 0 |
TOP OF THE 4TH |
Key West Barracudas batting - Pitching for Wichita Wranglers : RHP Juan Vázquez
|
Batting: LHB Domingo Ledesma
|
0-0: Ball 1-0: Called Strike 1-1: Ball 2-1: Fly out, F4 (Line Drive, 4MS)
|
Batting: LHB Daniel Byrd
|
0-0: Ball 1-0: Ball 2-0: Called Strike 2-1: SINGLE (Line Drive, 34)
|
Batting: LHB Víctor Acevedo
|
0-0: Ball 1-0: Called Strike 1-1: Foul Ball, location: 2F 1-2: Strikes out looking
|
Batting: RHB Carlos Miranda
|
0-0: Called Strike 0-1: Ball 1-1: Ball Wild Pitch! Daniel Byrd to second 2-1: Foul Ball, location: 2F 2-2: Foul Ball, location: 2F 2-2: Foul Ball, location: 2F 2-2: Foul Ball, location: 2F 2-2: Strikes out looking
|
Top of the 4th over - 0 run(s), 1 hit(s), 0 error(s), 1 left on base; Key West 0 - Wichita 0 |
BOTTOM OF THE 4TH |
Wichita Wranglers batting - Pitching for Key West Barracudas : RHP Lawrence Fish
|
Batting: SHB Javier Peña
|
0-0: Ball 1-0: Ball 2-0: Ball 3-0: Base on Balls
|
Batting: LHB Alfredo Sánchez
|
0-0: Called Strike 0-1: Ball 1-1: Ball 2-1: Ball 3-1: Foul Ball, location: 2F 3-2: Foul Ball, location: 2F 3-2: Base on Balls Javier Peña to second
|
Batting: SHB Giancarlo Giannini
|
0-0: Ball 1-0: Called Strike 1-1: Fielders Choice at 2nd, 4-6 (Groundball, 34) Javier Peña to third
|
Batting: RHB Dave Henderson
|
0-0: Called Strike 0-1: Foul Ball, location: 2F 0-2: Ball 1-2: Fielders Choice at 2nd, 6-4 (Groundball, 6M) Javier Peña scores
|
Batting: LHB Aurelio Torrez
|
0-0: Ball 1-0: TRIPLE (Flyball, 8RXD) Dave Henderson scores
|
Batting: RHB James Stevens
|
0-0: Ball 1-0: Called Strike 1-1: Ball 2-1: Ground out 1-3 (Groundball, 23)
|
Bottom of the 4th over - 2 run(s), 1 hit(s), 0 error(s), 1 left on base; Key West 0 - Wichita 2 |
TOP OF THE 5TH |
Key West Barracudas batting - Pitching for Wichita Wranglers : RHP Juan Vázquez
|
Batting: RHB Dan Craft
|
0-0: Ball 1-0: Called Strike 1-1: Ball 2-1: Foul Ball, location: 2F 2-2: Foul Ball, location: 2F 2-2: Fly out, F5 (Line Drive, 5S)
|
Batting: LHB Motoki Hirata
|
0-0: Called Strike 0-1: Foul Ball, location: 2F 0-2: Ball Single, Error in OF, E9, batter to second base
|
Batting: SHB Rodney Birling
|
0-0: Foul Ball, location: 2F 0-1: Called Strike 0-2: Ground out 4-3 (Groundball, 4) Motoki Hirata to third
|
Batting: RHB Carlos Bravo
|
0-0: Hit by Pitch
|
Batting: RHB Anastasio Villa
|
0-0: Called Strike 0-1: Ball 1-1: Ball 2-1: SINGLE (Groundball, 56) Motoki Hirata scores Carlos Bravo to second
|
Batting: LHB Domingo Ledesma
|
0-0: Ball 1-0: Swinging Strike 1-1: Swinging Strike 1-2: Fly out, F8 (Flyball, 8LM)
|
Top of the 5th over - 1 run(s), 2 hit(s), 1 error(s), 2 left on base; Key West 1 - Wichita 2 |
BOTTOM OF THE 5TH |
Wichita Wranglers batting - Pitching for Key West Barracudas : RHP Lawrence Fish
|
Batting: RHB Desi Thompson
|
0-0: Ground out 5-3 (Groundball, 5S)
|
Batting: LHB José Hernández
|
0-0: Ball 1-0: Called Strike 1-1: Ball 2-1: Ball 3-1: Called Strike 3-2: Base on Balls
|
Batting: RHB Miguel Monteagudo
|
0-0: Ball 1-0: Ball 2-0: Ball 3-0: Base on Balls José Hernández to second
|
Batting: SHB Javier Peña
|
0-0: Grounds into double play, 4-6-3 (Groundball, 4)
|
Bottom of the 5th over - 0 run(s), 0 hit(s), 0 error(s), 1 left on base; Key West 1 - Wichita 2 |
TOP OF THE 6TH |
Key West Barracudas batting - Pitching for Wichita Wranglers : RHP Juan Vázquez
|
Batting: LHB Daniel Byrd
|
0-0: Foul Ball, location: 2F 0-1: Swinging Strike 0-2: Strikes out swinging
|
Batting: LHB Víctor Acevedo
|
0-0: Ball 1-0: Ball 2-0: Called Strike 2-1: Called Strike 2-2: Foul Ball, location: 2F 2-2: Ball 3-2: SINGLE (Groundball, 6MD)
|
Batting: RHB Carlos Miranda
|
0-0: Ball 1-0: Fly out, F1 (Popup, 13S)
|
Batting: RHB Dan Craft
|
0-0: Foul Ball, location: 2F 0-1: SINGLE (Flyball, 8LS) Víctor Acevedo to second Runner from 2nd tries for 3rd, SAFE, throw made to third
|
Batting: LHB Motoki Hirata
|
0-0: Ball 1-0: Ball 2-0: Called Strike 2-1: Swinging Strike 2-2: Strikes out looking
|
Top of the 6th over - 0 run(s), 2 hit(s), 0 error(s), 2 left on base; Key West 1 - Wichita 2 |
BOTTOM OF THE 6TH |
Wichita Wranglers batting - Pitching for Key West Barracudas : RHP Lawrence Fish
|
Batting: LHB Alfredo Sánchez
|
0-0: Fly out, F7 (Line Drive, 7S)
|
Batting: SHB Giancarlo Giannini
|
0-0: Swinging Strike 0-1: Ball 1-1: Foul Ball, location: 2F 1-2: Ground out 3-1 (Groundball, 34)
|
Batting: RHB Dave Henderson
|
0-0: Ball 1-0: Fly out, F9 (Line Drive, 9M)
|
Bottom of the 6th over - 0 run(s), 0 hit(s), 0 error(s), 0 left on base; Key West 1 - Wichita 2 |
TOP OF THE 7TH |
Key West Barracudas batting - Pitching for Wichita Wranglers : RHP Juan Vázquez
|
Pitching: LHP Fred Villa
|
|
Batting: SHB Rodney Birling
|
0-0: SINGLE (Groundball, 6M)
|
Batting: RHB Carlos Bravo
|
0-0: Fly out, F9 (Flyball, 9LM)
|
Batting: RHB Anastasio Villa
|
0-0: Fly out, F6 (Popup, 6M)
|
Pinch Hitting: RHB Joe Bailey
|
0-0: Ball 1-0: Ball 2-0: Foul Ball, location: 2F 2-1: Ball 3-1: Ground out 3-1 (Groundball, 34S)
|
Top of the 7th over - 0 run(s), 1 hit(s), 0 error(s), 1 left on base; Key West 1 - Wichita 2 |
BOTTOM OF THE 7TH |
Wichita Wranglers batting - Pitching for Key West Barracudas : RHP Lawrence Fish
|
Now at 3B: Joe Bailey
|
|
Batting: LHB Aurelio Torrez
|
0-0: Ball 1-0: SINGLE (Groundball, 34D) (infield hit)
|
Batting: RHB James Stevens
|
0-0: Ball 1-0: Bunted foul 1-1: Sac Bunt - play at first, batter OUT! 5-4 Aurelio Torrez to second
|
Batting: RHB Desi Thompson
|
0-0: Intentional Walk
|
Pitching: RHP Sean Harden
|
|
Batting: LHB José Hernández
|
0-0: Called Strike 0-1: DOUBLE (Line Drive, 9LS) Aurelio Torrez scores Desi Thompson to third
|
Batting: RHB Miguel Monteagudo
|
0-0: Called Strike 0-1: SINGLE (Groundball, 6MD) Desi Thompson scores José Hernández to third
|
Batting: SHB Javier Peña
|
0-0: Called Strike 0-1: Swinging Strike 0-2: Ball 1-2: Foul Ball, location: 2F 1-2: Ball 2-2: Foul Ball, location: 2F 2-2: Foul Ball, location: 2F 2-2: Strikes out swinging
|
Batting: LHB Alfredo Sánchez
|
0-0: Called Strike 0-1: Foul Ball, location: 2F 0-2: Foul Ball, location: 2F 0-2: Ball 1-2: Strikes out swinging
|
Bottom of the 7th over - 2 run(s), 3 hit(s), 0 error(s), 2 left on base; Key West 1 - Wichita 4 |
TOP OF THE 8TH |
Key West Barracudas batting - Pitching for Wichita Wranglers : LHP Fred Villa
|
Batting: LHB Daniel Byrd
|
0-0: Called Strike 0-1: Ball 1-1: Ball 2-1: Swinging Strike 2-2: Strikes out swinging
|
Batting: LHB Víctor Acevedo
|
0-0: Ball 1-0: Ball 2-0: Foul Ball, location: 2F 2-1: DOUBLE (Flyball, 8LS)
|
Pitching: RHP Luis Pérez
|
|
Batting: RHB Carlos Miranda
|
0-0: Foul Ball, location: 2F 0-1: Ball 1-1: Ball 2-1: Ground out 4-3 (Groundball, 4M) Víctor Acevedo to third
|
Batting: RHB Dan Craft
|
0-0: Ball 1-0: Swinging Strike 1-1: Foul Ball, location: 2F 1-2: Strikes out looking
|
Top of the 8th over - 0 run(s), 1 hit(s), 0 error(s), 1 left on base; Key West 1 - Wichita 4 |
BOTTOM OF THE 8TH |
Wichita Wranglers batting - Pitching for Key West Barracudas : RHP Sean Harden
|
Batting: SHB Giancarlo Giannini
|
0-0: Ball 1-0: Foul Ball, location: 2F 1-1: Ball 2-1: Foul Ball, location: 2F 2-2: Strikes out swinging
|
Batting: RHB Dave Henderson
|
0-0: Ball 1-0: Fly out, F4 (Popup, 34)
|
Batting: LHB Aurelio Torrez
|
0-0: Ground out 4-3 (Groundball, 4M)
|
Bottom of the 8th over - 0 run(s), 0 hit(s), 0 error(s), 0 left on base; Key West 1 - Wichita 4 |
TOP OF THE 9TH |
Key West Barracudas batting - Pitching for Wichita Wranglers : RHP Luis Pérez
|
Pitching: LHP John Livingston
|
|
Batting: LHB Motoki Hirata
|
0-0: Ground out 4-3 (Groundball, 4)
|
Batting: SHB Rodney Birling
|
0-0: Called Strike 0-1: Called Strike 0-2: SINGLE (Groundball, 4MD)
|
Batting: RHB Carlos Bravo
|
0-0: Ball 1-0: Ball 2-0: Called Strike 2-1: Swinging Strike 2-2: Grounds into double play, 5-4-3 (Groundball, 56)
|
Top of the 9th over - 0 run(s), 1 hit(s), 0 error(s), 0 left on base; Key West 1 - Wichita 4 |
|